 Dungeon Crawl Stone Soup version 0.30-b1-2-g02819fbbbe (webtiles) character file.

Game seed: 730042388163608484

7817 LLlMATKO the Cleaver (level 11, -6/151 HPs)
             Began as a Minotaur Berserker on Aug 30, 2023.
             Was a High Priest of Trog.
             Mangled by a white ugly thing (33 damage)
             ... on level 8 of the Dungeon.
             The game lasted 00:10:08 (9265 turns).

LLlMATKO the Cleaver (Minotaur Berserker)           Turns: 9265, Time: 00:10:08

Health: -6/151     AC: 10    Str: 26    XL:     11   Next: 1%
Magic:  10/10      EV: 14    Int:  4    God:    Trog [*****.]
Gold:   533        SH:  0    Dex: 10    Spells: 10/10 levels left

rFire   . . .        J - +0 battleaxe
rCold   . . .        (shield currently unavailable)
rNeg    . . .        t - +1 ring mail {rPois}
rPois   +            H - +2 hat
rElec   .            (no cloak)
rCorr   .            (no gloves)
SInv    .            (no boots)
Will    ++...        (no amulet) Stlth
                     r - ring of willpower
HPRegen 0.45/turn    D - ring of willpower
MPRegen 0.12/turn

%: no passive effects
@: berserking (expiring), very quick
A: horns 2, retaliatory headbutt
a: Renounce Religion, Berserk, Trog's Hand, Brothers in Arms


You were on level 8 of the Dungeon.
You worshipped Trog.
Trog was extremely pleased with you.
You visited 1 branch of the dungeon, and saw 8 of its levels.
You also visited: Ossuary.

You collected 533 gold pieces.

Inventory:

Hand Weapons
 a - a +0 hand axe
 g - a +0 war axe
 J - a +0 battleaxe (weapon)
 L - a +4 hand axe
Missiles
 l - 20 poisoned darts (quivered)
Armour
 t - a +1 ring mail of poison resistance (worn)
 H - a +2 hat (worn)
Jewellery
 m - a ring of ice
 r - a ring of willpower (left hand)
 D - a ring of willpower (right hand)
 I - a +4 ring of protection
 K - the amulet "Zidwuschu" {Fly rF+ Regen+ SInv}
   (You took it off a wight on level 8 of the Dungeon)

   [amulet of regeneration]

   rF:        It protects you from fire.
   SInv:      It lets you see invisible.
   Fly:       It grants you flight.
   Regen:     It increases your rate of health regeneration.
Wands
 q - a wand of flame (32)
 M - a wand of digging (5)
 N - a wand of polymorph (8)
Scrolls
 b - a scroll of enchant armour {unknown}
 c - 8 scrolls of identify
 e - 4 scrolls of magic mapping
 h - 4 scrolls of teleportation {unknown}
 j - 2 scrolls of torment {unknown}
 n - 4 scrolls of fog {unknown}
 s - a scroll of amnesia {unknown}
 v - 3 scrolls of poison {unknown}
 y - 2 scrolls of butterflies {unknown}
 z - 2 scrolls of vulnerability {unknown}
 B - a scroll of acquirement {unknown}
 C - 2 scrolls of fear
 E - a scroll of brand weapon {unknown}
Potions
 d - 3 potions of haste {unknown}
 f - 2 potions of berserk rage {unknown}
 i - 2 potions of heal wounds {unknown}
 k - 8 potions of curing
 o - a potion of flight {unknown}
 p - 2 potions of cancellation {unknown}
 u - a potion of ambrosia {unknown}
 w - 3 potions of brilliance {unknown}
 x - a potion of degeneration {unknown}
 A - 3 potions of attraction {unknown}
 F - 2 potions of invisibility {unknown}
 G - 2 potions of lignification {unknown}


   Skills:
 + Level 10.6 Fighting
 + Level 10.6 Axes
 + Level 10.2 Armour
 + Level 9.4 Dodging
 + Level 4.6 Shields


You had 10 spell levels left.
You didn't know any spells.
Your spell library was empty.

Dungeon Overview and Level Annotations

Branches:
Dungeon (8/15)             Temple (0/1) D:5         Ossuary (visited)
   Lair: D:8-11

Altars:
Wu Jian
Yredelemnul
Zin

Shops:
D:3 *


Innate Abilities, Weirdness & Mutations

You have a pair of horns on your head.
You reflexively headbutt those who attack you in melee.


Message History

a +0 giant club; a +0 giant club; a two-headed ogre skeleton
There is an open door here.
A white ugly thing is nearby!
Throw: 21 darts (poison)
Press: ? - help, Q - select action, (/) - cycle Shift-Dir - straight line, f - white ugly thing
Aim: a white ugly thing (wandering, hasn't noticed you, 62% to hit)
You throw a poisoned dart.
The poisoned dart hits the white ugly thing.
The white ugly thing is poisoned.
The white ugly thing gurgles horribly!
You hear a shout!
Items here: ( )))) [[[ ÷÷.
You start waiting.
A white ugly thing is nearby!
You hit the white ugly thing. You headbutt the white ugly thing.
The white ugly thing is lightly wounded.
The white ugly thing closely misses you.
You hit the white ugly thing but do no damage.
The white ugly thing is lightly wounded.
The white ugly thing stings you! The white ugly thing freezes you!!
You slash the white ugly thing!
The white ugly thing is heavily wounded.
The white ugly thing stings you! The white ugly thing freezes you!!
A red film seems to cover your vision as you go berserk!
You feel yourself moving faster!
You feel mighty! The white ugly thing stings you.
The white ugly thing freezes you!!
* * * LOW HITPOINT WARNING * * *
You barely miss the white ugly thing.
The white ugly thing is heavily wounded.
The white ugly thing misses you.
You slash the white ugly thing!
Your headbutt misses the white ugly thing.
The white ugly thing is severely wounded.
The white ugly thing closely misses you.
You barely miss the white ugly thing.
The white ugly thing is severely wounded.
The white ugly thing stings you.
* * * LOW HITPOINT WARNING * * *
The white ugly thing freezes you!!
You die...

####.###.#.#.#.♣.♣.# ♣....u).....
....## ##....#♣.♣.♣# ♣....).)....
..##.###.#...#.♣.♣.# ♣..'#####'..
......#......#♣.♣.♣# ♣..#.....#..
.####..####..#♣♣.♣♣#♣♣u.#.....#..
.# #.## #[.)..........#.....#..
.####.#####..#♣♣.♣♣#♣♣..#.....#..
.............#♣u♣)♣# ♣..#.....#..
#####.####.#.#.♣@♣.# ♣..'#####'..
#.# #.#.#♣)♣.♣# ♣........... #.#
#...#.♣.♣.# ♣......... ### #)#
###.#♣.♣.♣# ♣♣♣♣♣♣.♣♣♣ ..# #.##
#.#.♣.♣.# .♣ #.###..### #.#######
# #...<)...# ##.#.#
####[)##.#####.#.###
##..[..........#...#


You could see a white ugly thing.

Vanquished Creatures
  A centaur warrior (D:8)
  2 two-headed ogres (D:8)
  Pikel (D:4)
  A deep elf pyromancer (D:8)
  3 slime creatures
  A shadow (D:7)
  Eustachio (D:6)
  A yak (D:8)
  A wyvern (D:8)
  A steam dragon (D:8)
  4 water moccasins
  Duvessa (D:6)
  2 ice beasts (D:8)
  A sky beast (D:7)
  2 ogres (D:5)
  2 centaurs
  3 kobold brigands
  A lemure (D:4)
  5 bullfrogs
  An elf zombie (Ossuary)
  5 scorpions
  4 wights (D:8)
  Dowan (D:6)
  7 killer bees
  A howler monkey (D:5)
  4 jellies
  2 hounds
  6 orc priests
  3 iguanas
  A sleepcap (D:4)
  3 mummies (Ossuary)
  9 gnolls (D:4)
  8 adders
  2 shadow imps
  4 white imps
  2 ufetubi
  2 adder zombies (Ossuary)
  3 worms (D:3)
  2 dart slugs
  25 orcs
  4 bats
  8 endoplasms
  A giant cockroach (D:4)
  A gnoll zombie (Ossuary)
  13 hobgoblins
  7 jackals
  51 kobolds
  5 quokkas
  4 ball pythons
  3 frilled lizards
  10 goblins
  3 goblin zombies (Ossuary)
  3 hobgoblin zombies (Ossuary)
  4 kobold zombies (Ossuary)
  A quokka zombie (Ossuary)
  8 rats
  3 rat zombies (Ossuary)
258 creatures vanquished.

Vanquished Creatures (collateral kills)
  A skeletal warrior (D:7)
1 creature vanquished.

Vanquished Creatures (others)
  A hornet (D:8)
  3 plants (D:8)
4 creatures vanquished.

Grand Total: 263 creatures vanquished

Notes
Turn   | Place    | Note
-------+----------+-------------------------------------------
     0 | D:1      | LLlMATKO the Minotaur Berserker began the quest for the
                  | Orb.
     0 | D:1      | Reached XP level 1. HP: 19/19 MP: 0/0
   187 | D:1      | Reached XP level 2. HP: 20/27 MP: 1/1
   522 | D:1      | Reached ** piety under Trog
  1022 | D:2      | Reached XP level 3. HP: 33/33 MP: 2/2
  1706 | D:3      | Found a faded altar of an unknown god.
  1820 | D:3      | Reached XP level 4. HP: 29/40 MP: 3/3
  1833 | D:3      | Noticed a scorpion
  1897 | D:3      | Killed a scorpion
  1898 | D:3      | Reached XP level 5. HP: 47/47 MP: 4/4
  2181 | D:3      | Found Zin's Purification Station.
  2181 | D:3      | Found a glowing silver altar of Zin.
  2536 | D:4      | Reached *** piety under Trog
  2537 | D:4      | Reached skill level 5 in Fighting
  2537 | D:4      | Reached skill level 5 in Axes
  2651 | D:4      | Reached XP level 6. HP: 29/56 MP: 5/5
  3392 | D:4      | Noticed Pikel
  3402 | D:4      | Killed Pikel
  3403 | D:4      | Reached skill level 5 in Armour
  3403 | D:4      | Reached skill level 5 in Dodging
  3403 | D:4      | Reached XP level 7. HP: 64/64 MP: 6/6
  3564 | D:4      | Reached **** piety under Trog
  3694 | D:4      | Reached XP level 8. HP: 71/71 MP: 7/7
  3980 | D:5      | Entered Level 5 of the Dungeon
  4022 | D:5      | Found a sand-covered staircase.
  4031 | Ossuary  | Entered an ossuary
  4177 | Ossuary  | Reached ***** piety under Trog
  4323 | D:5      | Identified the +9 short sword "Orb Guardian's Doom" {speed,
                  | rF+ Int+3}
  4602 | D:5      | Found a staircase to the Ecumenical Temple.
  4948 | D:6      | Noticed Eustachio
  5161 | D:6      | Killed Eustachio
  5379 | D:6      | Reached XP level 9. HP: 59/81 MP: 8/8
  5593 | D:6      | Noticed Dowan
  5593 | D:6      | Noticed Duvessa
  5611 | D:6      | Killed Duvessa
  5614 | D:6      | Killed Dowan
  5945 | D:6      | Found a basalt altar of Yredelemnul.
  6034 | D:6      | Found an ornate altar of the Wu Jian Council.
  6508 | D:7      | Noticed a skeletal warrior
  6522 | D:7      | Killed a skeletal warrior
  7044 | D:7      | Reached XP level 10. HP: 90/91 MP: 9/9
  7578 | D:8      | Identified the amulet "Zidwuschu" {Fly rF+ Regen+ SInv}
  7584 | D:8      | Reached skill level 1 in Shields
  7889 | D:8      | Noticed a deep elf pyromancer
  7889 | D:8      | Noticed a white ugly thing
  7889 | D:8      | Noticed a centaur warrior
  7890 | D:8      | Noticed a two-headed ogre
  7922 | D:8      | Killed a centaur warrior
  7923 | D:8      | Reached skill level 10 in Fighting
  7923 | D:8      | Reached skill level 10 in Axes
  7924 | D:8      | Killed a two-headed ogre
  8751 | D:8      | Killed a deep elf pyromancer
  8752 | D:8      | Reached skill level 10 in Armour
  8996 | D:8      | Noticed a two-headed ogre
  9005 | D:8      | Killed a two-headed ogre
  9006 | D:8      | Reached XP level 11. HP: 101/101 MP: 10/10
  9265 | D:8      | Mangled by a white ugly thing

Illustrated notes

Levels and vault maps discovered:
D:1:      onia_arrival_mini_maze, layout_loops_ring,
          chequers_serial_rivers_small_a, minmay_misc_feat_alley,
          minmay_misc_feat_more_columns, nrook_campfire,
          kennysheep_decorative_pillar, grunt_decor_resistance,
          nrook_mini_vaults
D:2:      layout_loops_cross
D:3:      layout_basic, zin_purify, chequers_ecumenical_altar_twisty,
          minmay_quantized
D:4:      minmay_goblin_kobold_castle, layout_loops_ring, st_stairs_6,
          uniq_pikel
D:5:      layout_cave_pools, minmay_temple_entry_slanted,
          chequers_ossuary_entry_cave
D:6:      layout_basic, lemuel_doored_altar, kennysheep_mini_moat, uniq_duvessa,
          uniq_eustachio
D:7:      layout_basic, nicolae_overflow_hidden_temple, kb_rosetta
D:8:      nzn_winding_woodlands_cross [nzn_winding_woodlands_5x15_pool,
          nzn_winding_woodlands_5x15_split_checker,
          nzn_winding_woodlands_5x15_twine,
          nzn_winding_woodlands_5x15_pathside_ponds,
          nzn_winding_woodlands_15x15_killbox], layout_loops_ring,
          grunt_temple_overflow_diamond, minmay_sticks_and_stones

Skill      XL: |  1  2  3  4  5  6  7  8  9 10 |
---------------+-------------------------------+-----
Fighting       | 4 5 6 7 9 10 | 10.6
Axes           | 4 5 6 7 9 10 | 10.6
Armour         | 3 4 5 6 7 9 10 | 10.2
Dodging        | 3 4 5 6 8 9 |  9.4
Shields        | 4 |  4.6

Action                     |  1- 3 |  4- 6 |  7- 9 | 10-12 || total
---------------------------+-------+-------+-------+-------++-------
  Melee: Hand axe          |    38 |       |       |       ||    38
         Headbutt          |     8 |    13 |    40 |    14 ||    75
         War axe           |    39 |   103 |   293 |    10 ||   445
         Punch             |       |     1 |     5 |       ||     6
         Battleaxe         |       |       |       |    92 ||    92
  Throw: Dart              |       |       |     3 |    12 ||    15
 Invoke: Berserk           |     1 |     4 |     6 |     4 ||    15
         Brothers in Arms  |       |       |     1 |       ||     1
    Use: Scroll            |       |       |     3 |       ||     3
 Armour: Animal skin       |    13 |       |       |       ||    13
         Ring mail         |     6 |    34 |   110 |    46 ||   196
  Dodge: Dodged            |    40 |    64 |   207 |    93 ||   404
